 Dungeon Crawl Stone Soup version 0.27-a0-46-g34d46f0a3f (webtiles) character file.

Game seed: 6268755087294882680

126 Borgoz the Slasher (level 4, 0/38 HPs)
             Began as a Draconian Gladiator on Jan 7, 2021.
             Slain by an iron imp (3 damage)
             ... summoned by Natasha
             ... on level 2 of the Dungeon.
             The game lasted 00:01:47 (1665 turns).

Borgoz the Slasher (Draconian Gladiator)            Turns: 1665, Time: 00:01:47

Health: 0/38       AC:  6    Str: 17    XL:     4   Next: 84%
Magic:  4/4        EV: 13    Int:  8    God:
Gold:   38         SH:  5    Dex: 13    Spells: 3/3 levels left

rFire    . . .     SeeInvis .   a - +0 long sword
rCold    . . .     Faith    .   (no shield)
rNeg     . . .     Spirit   .   (armour unavailable)
rPois    .         Reflect  +   b - +0 hat
rElec    .         Harm     .   (no cloak)
rCorr    .         Rampage  .   (no gloves)
Will     .....                  d - +0 pair of boots
Stlth    ++........             f - amulet of reflection
HPRegen  0.12/turn              (no ring)
MPRegen  0.09/turn              (no ring)

@: no status effects
A: unfitting armour, cold-blooded, AC +5
a: no special abilities


You were on level 2 of the Dungeon.
You visited 1 branch of the dungeon, and saw 2 of its levels.

You collected 38 gold pieces.

Inventory:

Hand Weapons
 a - a +0 long sword (weapon)
Missiles
 c - a throwing net (quivered)
Armour
 b - a +0 hat (worn)
 d - a +0 pair of boots (worn)
Jewellery
 f - an amulet of reflection (around neck)
Scrolls
 e - 2 scrolls of identify
 i - a scroll of amnesia {unknown}
 k - a scroll of magic mapping {unknown}
Potions
 g - a potion of invisibility
 h - a potion of might


   Skills:
 + Level 3.0 Fighting
 * Level 4.0 Long Blades
 - Level 1.7 Throwing
 * Level 3.6 Dodging
 + Level 1.6 Stealth


You had 3 spell levels left.
You didn't know any spells.
Your spell library was empty.

Dungeon Overview and Level Annotations

Branches:
Dungeon (2/15)

Altars:
Kikubaaqudgha

Annotations:
D:2 Natasha


Innate Abilities, Weirdness & Mutations

Your plain brown scales are hard. (AC +5)
You cannot fit into any form of body armour.
You are cold-blooded and may be slowed by cold attacks.


Message History

You block the iron imp's attack.
Okay, then.
Throw: 3 throwing nets
Press: ? - help, Q - select action Shift-Dir - straight line, f - Natasha
Aim: Natasha (moderately wounded)
You throw a throwing net.
The throwing net closely misses Natasha.
The throwing net hits the plant.
The net is caught on the plant!
You hear a splash.
Natasha claws you.
* * * LOW HITPOINT WARNING * * *
Throw: 2 throwing nets
Press: ? - help, Q - select action Shift-Dir - straight line, f - iron imp, p - Natasha
Aim: an iron imp (summoned)
You throw a throwing net.
The throwing net completely misses the iron imp.
The throwing net hits the plant.
The net is caught on the plant!
You hear a splash.
The iron imp hits you.
You die...

#♣≈≈.≈≈≈♣[.....## ##
♣P≈≈.≈≈≈♣#....... ..
#####♣≈≈≈.P≈≈♣........ #
#....≈P≈≈.P≈≈P........
#....♣≈≈≈.≈≈≈≈........
###....PPP≈)≈♣≈..#######
..'.....≈≈≈.≈♣♣....#....
#....h5P≈.P♣P..#..!#..
.#....@♣≈≈.≈♣≈#...#####
♣≈....≈≈≈≈.≈P♣#...#....
≈≈♣♣..♣♣≈≈≈.≈≈♣≈...#.###
♣♣♣ ♣≈≈≈.≈≈♣P>..# #..
♣≈P≈.≈≈♣♣...# #.#
≈≈≈≈.≈♣≈. #.#
≈≈≈P≈.≈≈..! #.. .....
≈≈≈≈≈.♣.... ### .....
...!......


You could see an iron imp (summoned) and Natasha.

Vanquished Creatures
  Natasha (D:2)
  Terence (D:2)
  2 adders (D:2)
  2 worms (D:2)
  3 dart slugs
  4 leopard geckos
  3 ball pythons
  5 bats
  2 hobgoblins (D:1)
  2 jackals (D:1)
  8 kobolds
  2 frilled lizards
  6 goblins
  5 rats (D:1)
46 creatures vanquished.

Vanquished Creatures (others)
  6 plants (D:2)
6 creatures vanquished.

Grand Total: 52 creatures vanquished

Notes
Turn   | Place    | Note
-------+----------+-------------------------------------------
     0 | D:1      | Borgoz the Draconian Gladiator began the quest for the Orb.
     0 | D:1      | Reached XP level 1. HP: 17/17 MP: 1/1
   274 | D:1      | Reached XP level 2. HP: 24/24 MP: 2/2
   760 | D:1      | Reached XP level 3. HP: 30/30 MP: 3/3
  1192 | D:2      | Noticed Terence
  1207 | D:2      | Killed Terence
  1208 | D:2      | Reached skill level 1 in Stealth
  1236 | D:2      | Found an ancient bone altar of Kikubaaqudgha.
  1244 | D:2      | Reached XP level 4. HP: 23/37 MP: 4/4
  1456 | D:2      | Noticed Natasha
  1475 | D:2      | Killed Natasha
  1480 | D:2      | Reached skill level 4 in Long Blades
  1652 | D:2      | Noticed Natasha
  1665 | D:2      | Slain by an iron imp

Illustrated notes

Levels and vault maps discovered:
D:1:      lightli_arrival_quake, layout_basic, bh_walls_and_bars
D:2:      layout_basic, kiku_gazebo_pond_becter, serial_bayou_lagoon_b,
          uniq_natasha, uniq_terence

Skill      XL: |  1  2  3  4 |
---------------+-------------+-----
Dodging        | 3 |  3.6
Stealth        | 1 |  1.6
Long Blades    | 4 |  4.0
Fighting       | 3 |  3.0
Throwing       | |  1.7

Action                   |  1- 3 |  4- 6 || total
-------------------------+-------+-------++-------
Melee: Long sword        |   104 |    48 ||   152
       Tailslap          |    13 |     3 ||    16
Throw: Throwing net      |       |     2 ||     2
  Use: Scroll            |       |     4 ||     4
       Potion            |       |     1 ||     1
 Stab: Sleeping          |     4 |     1 ||     5
Armor: Skin              |    27 |    19 ||    46
Dodge: Dodged            |    71 |    42 ||   113
Block: Other             |    20 |    16 ||    36
       Rpst.: Long sword |    28 |    15 ||    43

Table legend: (Time is in decaauts)
 A = Elapsed time spent in this place.
 B = Non-inter-level travel time spent in this place.
 C = Inter-level travel time spent in this place.
 D = Time resting spent in this place.
 E = Time spent auto-exploring this place.
 F = Levels seen in this place.
 G = Mean time per level.
                   A        B        C        D        E       F      G
               +--------+--------+--------+--------+--------+-----+--------+
         Total |   1703 |   1649 |     54 |    171 |   1136 |   2 |  851.5 |
       Dungeon |   1703 |   1649 |     54 |    171 |   1136 |   2 |  851.5 |
               +--------+--------+--------+--------+--------+-----+--------+

Top non-repeatable levels by time:
     D:1: 1187 daAuts
     D:2: 516 daAuts
